 Dungeon Crawl Stone Soup version 0.31-a0-237-g2d982f9f85 (webtiles) character file.

Game seed: 11079861011153713133

14408 qw the Skirmisher (level 11, -12/105 HPs)
             Began as a Minotaur Hexslinger on July 10, 2023.
             Was a Priest of Okawaru.
             Mangled by an eight-headed hydra (13 damage)
             ... on level 2 of the Lair of Beasts.
             The game lasted 00:04:15 (12880 turns).

qw the Skirmisher (Minotaur Hexslinger)            Turns: 12880, Time: 00:04:15

Health: -12/105    AC:  7    Str: 13    XL:     11   Next: 88%
Magic:  11/13      EV: 20    Int: 10    God:    Okawaru [***...]
Gold:   706        SH:  0    Dex: 17    Spells: 11/12 levels left

rFire   + . .        h - +10 sling of the Fuzzy God {heavy, rN+}
rCold   . . .        (no shield)
rNeg    + . .        r - +0 leather armour {rPois}
rPois   +            i - +2 hat
rElec   .            (no cloak)
rCorr   .            (no gloves)
SInv    .            e - +0 pair of boots
Will    +....        f - amulet of the acrobat
Stlth   +++          b - ring of protection from fire
HPRegen 0.37/turn    c - ring of willpower
MPRegen 0.13/turn

%: acrobat
@: heroic, marked
A: horns 2, retaliatory headbutt
a: Renounce Religion, Heroism


You were on level 2 of the Lair of Beasts.
You worshipped Okawaru.
Okawaru was most pleased with you.
You visited 3 branches of the dungeon, and saw 14 of its levels.

You collected 756 gold pieces.
You spent 50 gold pieces at shops.


Innate Abilities, Weirdness & Mutations

You have a pair of horns on your head.
You reflexively headbutt those who attack you in melee.


   Skills:
 + Level 12.6(17.6) Fighting
 - Level 14.0(19.0) Ranged Weapons
 - Level 5.0(10.0) Armour
 - Level 9.2(14.2) Dodging
 - Level 1.0 Spellcasting
 - Level 2.0 Hexes
 - Level 4.1 Invocations


You had 11 spell levels left.
You knew the following spells:

 Your Spells              Type           Power      Damage    Failure   Level
a - Slow                  Hex            16%        N/A       19%         1

Your spell library contained the following spells:

 Spells                   Type           Power      Damage    Failure   Level
 Inner Flame              Hex/Fire       2%         N/A       63%         3
 Portal Projectile        Hex/Tloc       4%         N/A       63%         3
 Cause Fear               Hex            2%         N/A       87%         4

Inventory:

Hand Weapons
 h - the +10 sling of the Fuzzy God (weapon) {heavy, rN+}
   (You found it on level 2 of the Dungeon)

   rN:        It protects you from negative energy.
Armour
 e - a +0 pair of boots (worn)
 i - a +2 hat (worn)
 q - +0 acid dragon scales
 r - a +0 leather armour of poison resistance (worn)
Jewellery
 b - a ring of protection from fire (left hand)
 c - a ring of willpower (right hand)
 f - an amulet of the acrobat (around neck)
 n - a +6 ring of strength
 t - a ring of resist corrosion
Wands
 a - a wand of digging (5)
Scrolls
 k - a scroll of identify
 l - 2 scrolls of enchant weapon
Potions
 g - a potion of enlightenment
 j - 3 potions of might
 m - 4 potions of curing
 o - 2 potions of cancellation
 p - a potion of magic
 s - a potion of haste

Dungeon Overview and Level Annotations

Branches:
Dungeon (11/15)            Temple (1/1) D:5            Lair (2/5) D:11
  Swamp: Lair:2-3    Shoals: Lair:2-3     Snake: Lair:2-3    Spider: Lair:2-3
    Orc: D:9-12

Altars:
Ashenzari
Cheibriados
Dithmenos
Elyvilon
Fedhas
Gozag
Hepliaklqana
Kikubaaqudgha
Makhleb
Nemelex Xobeh
Okawaru
Qazlal
Ru
Sif Muna
Trog
Uskayaw
Vehumet
Wu Jian
Xom
Yredelemnul
Zin
The Shining One

Shops:
D:1 [   D:6 (

Annotations:
Lair:2 Maggie


Message History

Maggie is wielding a +0 war axe and carrying a wand of polymorph (2).
Found a scroll of poison.
You feel like a meek peon again.
The water moccasin moves out of view.
Enter note:
12876 ||| INVOKING Heroism.
You gain the combat prowess of a mighty hero.
You can no longer speed up your combat.
A sourceless malevolence fills the Lair of Beasts...
With a horrendous wail, an alarm goes off!
The mark upon you grows brighter.
You hear an angry hiss.
You hear a croak.
You hear an angry hiss. x3
Maggie gestures wildly while chanting.
Maggie attempts to bespell you! You resist with almost no effort.
You shoot a sling bullet. The sling bullet hits Maggie!!
Maggie is moderately wounded.
Maggie casts a spell at you. The bolt of fire hits you. You resist.
You shoot a sling bullet. The sling bullet hits Maggie!!
Maggie is almost dead.
You shoot a sling bullet.
The sling bullet hits the eight-headed hydra!
The eight-headed hydra is moderately wounded.
The water moccasin bites you. The eight-headed hydra bites you.
The eight-headed hydra completely misses you. x2
The eight-headed hydra barely misses you.
The eight-headed hydra bites you but does no damage.
The eight-headed hydra completely misses you.
The eight-headed hydra barely misses you.
The eight-headed hydra misses you.
The water moccasin bites you but does no damage.
You shoot a sling bullet.
The sling bullet hits the eight-headed hydra.
The eight-headed hydra is moderately wounded.
The water moccasin closely misses you. You furiously retaliate!
You headbutt the water moccasin. The eight-headed hydra bites you!
The eight-headed hydra barely misses you.
The eight-headed hydra bites you but does no damage.
The eight-headed hydra bites you!
You die...

.. ... ... ..#
.... ... .
....# .. ..
.....####.##...
...............
......D@.?.....
#.@.......
#S#..#.#.. #.
### .. ##. #.
#. ..


You could see an eight-headed hydra, Maggie and a water moccasin.

Vanquished Creatures
  Harold (Lair:2)
  A hydra (Lair:2)
  Erolcha (D:9)
  A two-headed ogre (D:11)
  A skyshark (Lair:2)
  A cyclops (D:9)
  An elephant (Lair:2)
  A black mamba (Lair:1)
  A cane toad (Lair:1)
  A hornet (D:10)
  A troll (D:11)
  A shadow (D:10)
  3 wraiths
  22 yaks
  3 wyverns
  A basilisk (Lair:1)
  2 steam dragons
  4 vampire mosquitoes (D:11)
  2 acid dragons
  3 water moccasins
  3 orc warriors
  2 sky beasts
  2 black bears
  An ice beast (D:7)
  3 wolves (Lair:2)
  4 ogres
  A centaur (D:10)
  A kobold brigand (D:9)
  A bullfrog (D:7)
  2 gnoll sergeants
  A scorpion (D:6)
  11 wights
  11 killer bees
  2 electric eels (Lair:1)
  5 hounds
  6 orc priests
  2 jellies
  4 iguanas
  2 sleepcaps
  13 orc wizards
  17 gnolls
  9 adders
  A white imp (D:5)
  An ufetubus (D:5)
  4 worms
  2 dart slugs
  41 orcs
  7 ball pythons
  6 bats
  6 endoplasms
  3 giant cockroaches
  13 goblins
  10 hobgoblins
  5 jackals
  4 quokkas
  A frilled lizard (D:2)
  17 kobolds
  12 rats
288 creatures vanquished.

Notes
Turn   | Place    | Note
-------+----------+-------------------------------------------
     0 | D:1      | qw the Minotaur Hexslinger began the quest for the Orb.
     0 | D:1      | Reached XP level 1. HP: 16/16 MP: 1/1
     0 | D:1      | 0 ||| qw: Version: 0.3-a-52-g30416fa
     0 | D:1      | 0 ||| qw: Game counter: 5071
     0 | D:1      | 0 ||| qw: Melee chars always use a shield: true
     0 | D:1      | 0 ||| qw: God list: Okawaru
     0 | D:1      | 0 ||| qw: Allow faded altars: false
     0 | D:1      | 0 ||| qw: Do Orc after clearing Dungeon:15 true
     0 | D:1      | 0 ||| qw: Do second Lair branch before Depths: true
     0 | D:1      | 0 ||| qw: Lair rune preference: random
     0 | D:1      | 0 ||| qw: Goals: Normal
     0 | D:1      | 0 ||| PLANNING D:1-11
    79 | D:1      | Reached skill level 3 in Ranged Weapons
    88 | D:1      | Reached XP level 2. HP: 23/23 MP: 2/2
   125 | D:1      | Found a faded altar of an unknown god.
   270 | D:1      | Reached XP level 3. HP: 10/29 MP: 3/3
   379 | D:1      | Found Xyirana's Antique Armour Emporium.
   395 | D:1      | 395 ||| BUYING leather armour (50 gold).
   395 | D:1      | Bought a leather armour for 50 gold pieces
   395 | D:1      | 395 ||| SHOPLISTING pair of glowing boots (187 gold, have
                  | 18).
   395 | D:1      | 395 ||| SHOPLISTING ring mail (100 gold, have 18).
   873 | D:1      | 873 ||| UPGRADING to +0 pair of boots.
   878 | D:1      | 878 ||| UPGRADING to +0 leather armour.
   888 | D:1      | 888 ||| DROPPING +0 robe.
   889 | D:1      | 889 ||| READING scroll labelled KUNOATW DAIFRI.
   890 | D:1      | 890 ||| READING scroll labelled SIGGAU BUAM.
   895 | D:1      | 895 ||| READING scroll labelled DOASETU FOHYORGH.
   896 | D:1      | 896 ||| DROPPING scroll of poison.
   946 | D:2      | Reached skill level 4 in Ranged Weapons
  1066 | D:2      | Reached XP level 4. HP: 36/36 MP: 4/4
  1264 | D:2      | Reached skill level 5 in Ranged Weapons
  1310 | D:2      | Identified the +10 sling of the Fuzzy God {heavy, rN+}
  1312 | D:2      | 1312 ||| SWAPPING to +10 sling of the Fuzzy God {heavy,
                  | rN+}.
  1313 | D:2      | 1313 ||| DROPPING +2 sling.
  1638 | D:2      | 1638 ||| UPGRADING to +0 ring mail.
  1648 | D:2      | 1648 ||| DROPPING +0 leather armour.
  1649 | D:2      | 1649 ||| READING scroll labelled GONEUCS VEUN.
  1650 | D:2      | 1650 ||| DRINKING 2 golden potions.
  1775 | D:3      | Reached skill level 1 in Armour
  2329 | D:3      | 2329 ||| Stepping ~*~*~tactically~*~*~ (outnumbered).
  2332 | D:3      | Reached skill level 3 in Fighting
  2332 | D:3      | Reached XP level 5. HP: 45/45 MP: 5/5
  2418 | D:3      | Found an ancient bone altar of Kikubaaqudgha.
  2522 | D:3      | 2522 ||| UPGRADING to amulet of the acrobat.
  2527 | D:3      | 2527 ||| READING scroll labelled TOJODY XYUSTUU.
  2589 | D:4      | Noticed an ogre
  2592 | D:4      | Reached skill level 6 in Ranged Weapons
  2592 | D:4      | 2592 ||| FLEEEEING.
  2593 | D:4      | 2593 ||| FLEEEEING.
  2594 | D:4      | 2594 ||| FLEEEEING.
  2595 | D:4      | 2595 ||| FLEEEEING.
  2598 | D:4      | 2598 ||| FLEEEEING.
  2599 | D:4      | 2599 ||| FLEEEEING.
  2600 | D:4      | 2600 ||| FLEEEEING.
  2601 | D:4      | 2601 ||| FLEEEEING.
  2602 | D:4      | 2602 ||| FLEEEEING.
  2603 | D:4      | 2603 ||| FLEEEEING.
  2604 | D:4      | 2604 ||| FLEEEEING.
  2605 | D:4      | 2605 ||| FLEEEEING.
  2606 | D:4      | 2606 ||| FLEEEEING.
  2607 | D:4      | 2607 ||| FLEEEEING.
  2608 | D:4      | 2608 ||| FLEEEEING.
  2609 | D:4      | 2609 ||| FLEEEEING.
  2610 | D:4      | 2610 ||| FLEEEEING.
  2611 | D:4      | 2611 ||| FLEEEEING.
  2614 | D:4      | 2614 ||| FLEEEEING.
  2615 | D:4      | 2615 ||| FLEEEEING.
  2616 | D:4      | 2616 ||| FLEEEEING.
  2617 | D:4      | 2617 ||| FLEEEEING.
  2618 | D:4      | 2618 ||| FLEEEEING.
  2619 | D:4      | 2619 ||| STAIRDANCE
  2663 | D:4      | Killed an ogre
  2664 | D:4      | Reached XP level 6. HP: 53/53 MP: 6/6
  2785 | D:4      | You fall into a shaft and drop 2 floors!
  2866 | D:6      | Reached skill level 7 in Ranged Weapons
  2969 | D:6      | Reached XP level 7. HP: 60/60 MP: 7/7
  3025 | D:6      | Reached skill level 8 in Ranged Weapons
  3070 | D:6      | 3070 ||| Stepping ~*~*~tactically~*~*~ (outnumbered).
  3072 | D:6      | 3072 ||| Stepping ~*~*~tactically~*~*~ (outnumbered).
  3082 | D:6      | HP: 11/60 [orc warrior/+0 mace (8)]
  3083 | D:6      | 3083 ||| READING 4 scrolls of teleportation.
  3297 | D:6      | Found Xonuom's Antique Weapon Shoppe.
  3436 | D:5      | Entered Level 5 of the Dungeon
  3438 | D:5      | Reached XP level 8. HP: 69/69 MP: 8/8
  3449 | D:5      | 3449 ||| Stepping ~*~*~tactically~*~*~ (outnumbered).
  3451 | D:5      | 3451 ||| Stepping ~*~*~tactically~*~*~ (outnumbered).
  3462 | D:5      | Reached skill level 9 in Ranged Weapons
  3469 | D:5      | Reached skill level 3 in Dodging
  3666 | D:4      | Reached skill level 6 in Fighting
  3772 | D:4      | Identified the +4 war axe of Impermanence {heavy, Dex+2}
  4509 | D:4      | 4509 ||| READING scroll labelled CIJ VUVIULUE.
  4510 | D:4      | 4510 ||| DRINKING 2 sapphire potions.
  5170 | D:5      | Found a staircase to the Ecumenical Temple.
  5171 | D:5      | 5171 ||| PLANNING TEMPLE
  5171 | D:5      | 5171 ||| UPGRADING to +6 ring of strength.
  5172 | D:5      | 5172 ||| DRINKING 2 fuming inky potions.
  5173 | D:5      | 5173 ||| DROPPING potion of attraction.
  5179 | Temple   | Entered the Ecumenical Temple
  5203 | Temple   | 5203 ||| PLANNING OKAWARU WORSHIP
  5360 | Temple   | Became a worshipper of Warmaster Okawaru
  5361 | Temple   | 5361 ||| PLANNING D:1-11
  5484 | D:6      | Reached skill level 10 in Ranged Weapons
  5925 | D:6      | 5925 ||| UPGRADING to ring of willpower.
  5926 | D:6      | 5926 ||| DRINKING 2 dark potions.
  5927 | D:6      | 5927 ||| READING 2 scrolls of identify.
  5927 | D:6      | 5927 ||| IDENTIFYING viscous silvery potion
  5928 | D:6      | 5928 ||| DROPPING potion of degeneration.
  6049 | D:7      | 6049 ||| STAIRDANCE
  6152 | D:7      | Reached * piety under Okawaru
  6164 | D:7      | Reached skill level 1 in Invocations
  6164 | D:7      | Reached XP level 9. HP: 76/79 MP: 9/9
  6184 | D:7      | 6184 ||| INVOKING Heroism.
  6222 | D:7      | 6222 ||| FLEEEEING.
  6223 | D:7      | 6223 ||| FLEEEEING.
  6224 | D:7      | 6224 ||| FLEEEEING.
  6225 | D:7      | 6225 ||| FLEEEEING.
  6226 | D:7      | 6226 ||| FLEEEEING.
  6227 | D:7      | 6227 ||| FLEEEEING.
  6228 | D:7      | 6228 ||| FLEEEEING.
  6229 | D:7      | 6229 ||| FLEEEEING.
  6230 | D:7      | 6230 ||| FLEEEEING.
  6231 | D:7      | 6231 ||| FLEEEEING.
  6232 | D:7      | 6232 ||| FLEEEEING.
  6233 | D:7      | 6233 ||| FLEEEEING.
  6234 | D:7      | 6234 ||| FLEEEEING.
  6235 | D:7      | 6235 ||| FLEEEEING.
  6236 | D:7      | 6236 ||| FLEEEEING.
  6237 | D:7      | 6237 ||| FLEEEEING.
  6238 | D:7      | 6238 ||| FLEEEEING.
  6239 | D:7      | 6239 ||| FLEEEEING.
  6240 | D:7      | 6240 ||| FLEEEEING.
  6241 | D:7      | 6241 ||| FLEEEEING.
  6242 | D:7      | 6242 ||| FLEEEEING.
  6243 | D:7      | 6243 ||| FLEEEEING.
  6245 | D:7      | 6245 ||| FLEEEEING.
  6246 | D:7      | 6246 ||| FLEEEEING.
  6247 | D:7      | 6247 ||| FLEEEEING.
  6248 | D:7      | 6248 ||| FLEEEEING.
  6249 | D:7      | 6249 ||| FLEEEEING.
  6250 | D:7      | 6250 ||| FLEEEEING.
  6251 | D:7      | 6251 ||| FLEEEEING.
  6252 | D:7      | 6252 ||| FLEEEEING.
  6253 | D:7      | 6253 ||| FLEEEEING.
  6254 | D:7      | 6254 ||| FLEEEEING.
  6255 | D:7      | 6255 ||| FLEEEEING.
  6256 | D:7      | 6256 ||| FLEEEEING.
  6257 | D:7      | 6257 ||| FLEEEEING.
  6258 | D:7      | 6258 ||| FLEEEEING.
  6259 | D:7      | 6259 ||| FLEEEEING.
  6260 | D:7      | 6260 ||| FLEEEEING.
  6261 | D:7      | 6261 ||| FLEEEEING.
  6262 | D:7      | 6262 ||| FLEEEEING.
  6271 | D:7      | 6271 ||| STAIRDANCE
  6396 | D:7      | 6396 ||| INVOKING Heroism.
  6729 | D:7      | 6729 ||| INVOKING Heroism.
  6869 | D:7      | 6869 ||| UPGRADING to ring of protection from fire.
  6871 | D:7      | 6871 ||| DRINKING 2 fuming cyan potions.
  6872 | D:7      | 6872 ||| READING 2 scrolls of identify.
  6872 | D:7      | 6872 ||| IDENTIFYING purple potion
  6873 | D:7      | 6873 ||| DROPPING potion of brilliance.
  7367 | D:8      | Reached skill level 11 in Ranged Weapons
  7367 | D:8      | Reached skill level 3 in Invocations
  7656 | D:8      | 7656 ||| DROPPING amulet of magic regeneration.
  7657 | D:8      | 7657 ||| READING 2 scrolls labelled BEVESHR BEOFFI.
  7658 | D:8      | 7658 ||| READING scroll labelled ESIPRY KEORCH.
  7659 | D:8      | 7659 ||| READING scroll labelled VITTOTO EZAEPN.
  7660 | D:8      | 7660 ||| READING 3 scrolls of identify.
  7660 | D:8      | 7660 ||| IDENTIFYING lumpy emerald potion
  7661 | D:8      | 7661 ||| READING 2 scrolls of identify.
  7661 | D:8      | 7661 ||| IDENTIFYING fizzy brown potion
  7662 | D:8      | 7662 ||| DROPPING scroll of fog.
  7717 | D:9      | 7717 ||| STAIRDANCE
  7721 | D:8      | Reached skill level 3 in Armour
  7722 | D:8      | 7722 ||| INVOKING Heroism.
  7862 | D:9      | 7862 ||| STAIRDANCE
  7886 | D:9      | 7886 ||| STAIRDANCE
  7888 | D:8      | 7888 ||| INVOKING Heroism.
  8066 | D:9      | 8066 ||| STAIRDANCE
  8071 | D:8      | 8071 ||| INVOKING Heroism.
  8207 | D:9      | Reached skill level 12 in Ranged Weapons
  8213 | D:9      | 8213 ||| STAIRDANCE
  8545 | D:9      | 8545 ||| Stepping ~*~*~tactically~*~*~ (outnumbered).
  8547 | D:9      | 8547 ||| Stepping ~*~*~tactically~*~*~ (outnumbered).
  8559 | D:9      | 8559 ||| Stepping ~*~*~tactically~*~*~ (outnumbered).
  8674 | D:9      | Reached ** piety under Okawaru
  8675 | D:9      | Reached XP level 10. HP: 88/88 MP: 12/12
  8768 | D:9      | Noticed a cyclops
  8769 | D:9      | 8769 ||| INVOKING Heroism.
  8778 | D:9      | Killed a cyclops
  8819 | D:9      | 8819 ||| INVOKING Heroism.
  8848 | D:9      | 8848 ||| INVOKING Heroism.
  9053 | D:9      | Noticed Erolcha
  9054 | D:9      | 9054 ||| INVOKING Heroism.
  9057 | D:9      | Killed Erolcha
  9058 | D:9      | Reached skill level 13 in Ranged Weapons
  9078 | D:9      | 9078 ||| UPGRADING to +0 acid dragon scales.
  9088 | D:9      | 9088 ||| DROPPING +0 ring mail.
  9099 | D:10     | Entered Level 10 of the Dungeon
  9376 | D:10     | Reached skill level 9 in Fighting
  9376 | D:10     | 9376 ||| FLEEEEING.
  9377 | D:10     | 9377 ||| FLEEEEING.
  9378 | D:10     | 9378 ||| FLEEEEING.
  9379 | D:10     | 9379 ||| FLEEEEING.
  9380 | D:10     | 9380 ||| FLEEEEING.
  9381 | D:10     | 9381 ||| FLEEEEING.
  9382 | D:10     | 9382 ||| FLEEEEING.
  9383 | D:10     | 9383 ||| FLEEEEING.
  9384 | D:10     | 9384 ||| FLEEEEING.
  9487 | D:10     | 9487 ||| INVOKING Heroism.
  9499 | D:10     | Reached skill level 6 in Dodging
  9656 | D:10     | 9656 ||| INVOKING Heroism.
  9661 | D:10     | HP: 15/91 [yak (11)]
  9662 | D:10     | 9662 ||| READING 3 scrolls of teleportation.
  9662 | D:10     | HP: 1/91 [yak (7)]
  9663 | D:10     | 9663 ||| DRINKING 2 potions of heal wounds.
  9664 | D:10     | 9664 ||| DRINKING potion of heal wounds.
  9880 | D:10     | Reached skill level 14 in Ranged Weapons
  9880 | D:10     | Reached *** piety under Okawaru
 10109 | D:10     | 10109 ||| READING 3 scrolls of identify.
 10109 | D:10     | 10109 ||| IDENTIFYING smoky purple potion
 10110 | D:10     | 10110 ||| READING 2 scrolls of identify.
 10110 | D:10     | 10110 ||| IDENTIFYING pink potion
 10111 | D:10     | 10111 ||| DROPPING potion of lignification.
 10112 | D:10     | 10112 ||| DROPPING potion of invisibility.
 10178 | D:11     | Noticed a two-headed ogre
 10179 | D:11     | 10179 ||| INVOKING Heroism.
 10182 | D:11     | Killed a two-headed ogre
 10183 | D:11     | Reached XP level 11. HP: 100/100 MP: 10/13
 10228 | D:11     | 10228 ||| INVOKING Heroism.
 10520 | D:11     | 10520 ||| INVOKING Heroism.
 10899 | D:11     | Found a staircase to the Lair.
 11010 | D:11     | 11010 ||| INVOKING Heroism.
 11117 | D:11     | 11117 ||| PLANNING LAIR
 11117 | D:11     | 11117 ||| UPGRADING to +2 hat.
 11122 | D:11     | 11122 ||| UPGRADING to +0 leather armour of poison
                  | resistance.
 11132 | D:11     | 11132 ||| READING scroll labelled KUJEN LIFEI.
 11148 | Lair:1   | Entered Level 1 of the Lair of Beasts
 11187 | Lair:1   | 11187 ||| INVOKING Heroism.
 11218 | Lair:1   | 11218 ||| INVOKING Heroism.
 11237 | Lair:1   | 11237 ||| INVOKING Heroism.
 11526 | Lair:1   | 11526 ||| INVOKING Heroism.
 11531 | Lair:1   | Received a gift from Okawaru
 12138 | Lair:1   | 12138 ||| INVOKING Heroism.
 12139 | Lair:1   | 12139 ||| READING 2 scrolls of identify.
 12139 | Lair:1   | 12139 ||| IDENTIFYING green potion
 12457 | Lair:2   | Noticed a skyshark
 12464 | Lair:2   | Killed a skyshark
 12465 | Lair:2   | Reached skill level 12 in Fighting
 12524 | Lair:2   | Noticed a five-headed hydra
 12525 | Lair:2   | 12525 ||| INVOKING Heroism.
 12533 | Lair:2   | Killed a five-headed hydra
 12536 | Lair:2   | HP: 20/105 [elephant (8)]
 12537 | Lair:2   | 12537 ||| READING 3 scrolls of teleportation.
 12538 | Lair:2   | HP: 7/105 [elephant (13)]
 12541 | Lair:2   | Reached **** piety under Okawaru
 12543 | Lair:2   | 12543 ||| READING 2 scrolls of teleportation.
 12543 | Lair:2   | HP: 3/105 [wolf (6)]
 12545 | Lair:2   | 12545 ||| INVOKING Heroism.
 12545 | Lair:2   | HP: 1/105 [wolf (3)]
 12834 | Lair:2   | Noticed Harold
 12835 | Lair:2   | 12835 ||| INVOKING Heroism.
 12844 | Lair:2   | Killed Harold
 12845 | Lair:2   | Reached skill level 9 in Dodging
 12858 | Lair:2   | 12858 ||| FLEEEEING.
 12859 | Lair:2   | 12859 ||| FLEEEEING.
 12860 | Lair:2   | 12860 ||| FLEEEEING.
 12861 | Lair:2   | 12861 ||| FLEEEEING.
 12862 | Lair:2   | 12862 ||| FLEEEEING.
 12863 | Lair:2   | 12863 ||| INVOKING Heroism.
 12872 | Lair:2   | HP: 24/105 [elephant (8)]
 12873 | Lair:2   | 12873 ||| READING scroll of teleportation.
 12875 | Lair:2   | Noticed Maggie
 12875 | Lair:2   | Noticed an eight-headed hydra
 12876 | Lair:2   | 12876 ||| INVOKING Heroism.
 12877 | Lair:2   | HP: 17/105 [Maggie/bolt of fire (5)]
 12880 | Lair:2   | HP: 1/105 [eight-headed hydra (10)]
 12880 | Lair:2   | Mangled by an eight-headed hydra

Levels and vault maps discovered:
D:1:      dpeg_arrival_long_road, layout_basic, serial_shops, shop,
          basic_ecumenical_altar, minmay_vboxes
D:2:      layout_loops_ring, minivault_23
D:3:      layout_loops_corners, lemuel_coloured_pillars_altar
D:4:      layout_layer_cave, minmay_crossroads
D:5:      layout_loops_ring, minmay_temple_entry_fiery
D:6:      layout_gridville, serial_shops, nicolae_take_the_stairs
D:7:      layout_basic, dreamdust_wishing_well
D:8:      layout_loops_corners
D:9:      layout_basic, enter_bailey_3, uniq_erolcha
D:10:     layout_grid_maze
D:11:     layout_cave_pods, lair_entry_dummy
Temple:   minmay_crystal_snake_temple
Lair:1:   layout_cave_pods, grunt_megastairs_5, serial_bayou_shore_a
Lair:2:   layout_chaotic_city, uniq_maggie, uniq_harold

Skill      XL: |  1  2  3  4  5  6  7  8  9 10 11 |
---------------+----------------------------------+-----
Ranged Weapons | 3 4 5 6 7 8 10 12 14 | 14.0
Fighting       | 2 3 4 5 7 8 10 12 | 12.6
Armour         | 1 2 3 4 5 |  5.0
Dodging        | 3 5 6 9 |  9.2
Invocations    | 1 4 |  4.1
Spellcasting   | |  1.0
Hexes          | |  2.0

Action                     |  1- 3 |  4- 6 |  7- 9 | 10-12 || total
---------------------------+-------+-------+-------+-------++-------
   Fire: Sling             |   100 |   127 |   259 |   274 ||   760
 Invoke: Heroism           |       |       |     6 |    20 ||    26
    Use: Scroll            |     3 |     2 |     9 |     8 ||    22
         Potion            |       |     1 |     4 |     2 ||     7
 Armour: Robe              |    12 |       |       |       ||    12
         Leather armour    |     2 |     4 |       |    28 ||    34
         Ring mail         |       |    11 |    39 |     3 ||    53
         Acid dragon scale |       |       |       |    13 ||    13
  Dodge: Dodged            |    39 |    37 |    81 |   172 ||   329

Table legend:
 A = Non-vault XP
 B = Vault XP
 C = Vault XP percentage of total XP
 D = Non-vault monster count
 E = Vault monster count
 F = Vault count percentage of total count
                 A         B        C        D         E       F
            +---------+---------+-------+---------+---------+-------
      Total |   18477 |    2106 |  10.2 |     270 |      18 |   6.2
            +---------+---------+-------+---------+---------+-------
        D:1 |      45 |      12 |  21.1 |      26 |       8 |  23.5
        D:2 |     101 |       0 |   0.0 |      20 |       0 |   0.0
        D:3 |     119 |       0 |   0.0 |      23 |       0 |   0.0
        D:4 |     339 |       4 |   1.2 |      20 |       2 |   9.1
        D:5 |     484 |       0 |   0.0 |      20 |       0 |   0.0
        D:6 |    1239 |       0 |   0.0 |      26 |       0 |   0.0
        D:7 |    1064 |       0 |   0.0 |      21 |       0 |   0.0
        D:8 |    1017 |       0 |   0.0 |      12 |       0 |   0.0
        D:9 |    2112 |     849 |  28.7 |      32 |       5 |  13.5
       D:10 |    3439 |       0 |   0.0 |      24 |       0 |   0.0
       D:11 |    2464 |       0 |   0.0 |      23 |       0 |   0.0
     Lair:1 |    3574 |     368 |   9.3 |      17 |       2 |  10.5
     Lair:2 |    2480 |     873 |  26.0 |       6 |       1 |  14.3
            +---------+---------+-------+---------+---------+-------
